 Dungeon Crawl Stone Soup version 0.24.1-11-gbbbb2193e6 (webtiles) character file.

Game seed: 14076058769545535612, levelgen mode: deterministic

13 Peloso the Skirmisher (level 2, -6/26 HPs)
             Began as a Ghoul Fighter on May 14, 2020.
             Killed from afar by an orc (11 damage)
             ... with a puff of flame
             ... on level 2 of the Dungeon.
             The game lasted 00:01:08 (400 turns).

Peloso the Skirmisher (Ghoul Fighter)                Turns: 400, Time: 00:01:08

Health: -6/26      AC:  6    Str: 19    XL:     2   Next: 37%
Magic:  1/1        EV:  7    Int:  3    God:
Gold:   20         SH:  8    Dex:  8    Spells: 1/1 levels left

rFire    . . .     SeeInvis .   (no weapon)
rCold    + . .     Gourm    .   c - +0 shield
rNeg     + + +     Faith    .   b - +0 scale mail
rPois    ∞         Spirit   .   (no helmet)
rElec    .         Reflect  .   (no cloak)
rCorr    .         Harm     .   (no gloves)
MR       .....                  (no boots)
Stlth    ..........             (no amulet)
HPRegen  0.00/turn              (no ring)
MPRegen  0.07/turn              (no ring)

@: rotting
A: rotting body, claws 1, carnivore, cold resistance 1, negative energy
resistance 3, inhibited regeneration, torment resistance, unbreathing
a: no special abilities


You were on level 2 of the Dungeon.
You were not hungry.

You visited 1 branch of the dungeon, and saw 2 of its levels.

You collected 20 gold pieces.

Inventory:

Hand Weapons
 a - a +0 long sword
Armour
 b - a +0 scale mail (worn)
 c - a +0 shield (worn)
Scrolls
 e - a scroll of noise {unknown}
 g - a scroll of remove curse {unknown}
 h - 4 scrolls of identify {unknown}
Potions
 d - a potion of might
 i - a potion of agility {unknown}
Comestibles
 f - 2 rations


   Skills:
 + Level 3.6 Fighting
 + Level 1.7 Long Blades
 + Level 3.0 Armour
 + Level 2.7 Shields
 + Level 0.2 Unarmed Combat


You had one spell level left.
You didn't know any spells.
Your spell library was empty.

Dungeon Overview and Level Annotations

Branches:
Dungeon (1/15)

Altars:


Innate Abilities, Weirdness & Mutations

Your body is rotting away.
You thrive on raw meat.
You are immune to poison.
You have sharp fingernails.
You are carnivorous and can eat meat at any time.
Your flesh is cold resistant. (rC+)
You are immune to negative energy. (rN+++)
You do not regenerate when monsters are visible.
You are immune to unholy pain and torment.
You can survive without breathing.


Message History

You scratch the goblin.
You kill the goblin!
You see here a +0 club.
An orc comes into view.
It is wielding a +0 mace and carrying a wand of flame (20).
You barely miss the frilled lizard.
The orc shouts!
You hear a shout!
The frilled lizard bites you.
You scratch the frilled lizard.
You kill the frilled lizard!
The orc zaps a wand.
The puff of flame hits you! The orc barely misses you.
A goblin and an orc come into view.
The orc shouts!
The goblin shouts!
The orc hits you.
You see here a frilled lizard corpse.
The orc zaps a wand.
The puff of flame hits you!
* * * LOW HITPOINT WARNING * * *
You scratch the orc.
The orc is moderately wounded.
The orc zaps a wand.
The puff of flame hits you!
You die...

...... ....... ..... .g..
... ##...## #o# 8...8 # ##.#
#...##.#.#@.# ##.
#...##...?o†## ##....
##...##.......###.(.#
#8...8###...#)....##..#
#...########...<.?..#
#8##...##8###8#.#.#......
...........†.......#..#....#
....(..............##...##..
...................# ..## #


You could see 2 orcs and a goblin.

Vanquished Creatures
  2 giant cockroaches (D:1)
  3 goblins
  A hobgoblin (D:1)
  A quokka (D:2)
  A bat (D:1)
  2 frilled lizards
  A kobold (D:1)
  2 rats (D:1)
13 creatures vanquished.

Notes
Turn   | Place    | Note
-------+----------+-------------------------------------------
     0 | D:1      | Peloso the Ghoul Fighter began the quest for the Orb.
     0 | D:1      | Reached XP level 1. HP: 19/19 MP: 0/0
   152 | D:1      | Reached XP level 2. HP: 26/26 MP: 1/1
   368 | D:1      | You fall into a shaft and drop 1 floor!
   400 | D:2      | Killed from afar by an orc

Levels and vault maps discovered:
D:1:      lemuel_arrival_funnel, layout_loops_corners
D:2:      layout_rooms, lemuel_crystal_altar, serial_corexii_hall,
          corexii_hall_statues_i, corexii_hall_statues_t,
          corexii_hall_statues_s, chequers_hall_statues_corner_a,
          uniq_crazy_yiuf_cottage

Skill      XL: |  1  2 |
---------------+-------+-----
Armour         | 3 |  3.0
Fighting       | |  3.6
Long Blades    | |  1.7
Shields        | |  2.7
Unarmed Combat | |  0.2

Action                   || total
-------------------------++-------
Melee: Unarmed           ||    49
Armor: Scale mail        ||    33
Dodge: Dodged            ||    24
Block: Shield            ||    30
